 Dungeon Crawl Stone Soup version 0.29.0-4-gdea44cf6ec (webtiles) character file.

Game seed: 7742441739231516957

539 qw the Shield-Bearer (level 7, -2/41 HPs)
             Began as a Gargoyle Berserker on Sept 4, 2022.
             Was a Believer of Trog.
             Killed from afar by a white imp (4 damage)
             ... with a puff of frost
             ... summoned by Eustachio
             ... on level 4 of the Dungeon.
             The game lasted 00:01:28 (4021 turns).

qw the Shield-Bearer (Gargoyle Berserker)           Turns: 4021, Time: 00:01:29

Health: -2/41      AC: 16    Str: 23    XL:     7   Next: 26%
Magic:  7/7        EV:  3    Int:  7    God:    Trog [**....]
Gold:   206        SH: 18    Dex:  9    Spells: 6/6 levels left

rFire   . . .      SeeInvis .   Y - +0 hand axe
rCold   . . .      Faith    .   e - +0 tower shield
rNeg    + . .      Spirit   .   b - +0 plate armour
rPois   inf        Reflect  +   l - +0 helmet
rElec   +          Harm     .   (no cloak)
rCorr   .          Rampage  .   (no gloves)
Will    .....                   (no boots)
Stlth   ..........              f - amulet of reflection
HPRegen 0.13/turn               (no ring)
MPRegen 0.10/turn               (no ring)

@: on berserk cooldown, slowed, very slow
A: sickness immunity, AC +4, negative energy resistance 1, electricity
resistance, torment resistance 1, petrification resistance
a: Renounce Religion, Berserk, Trog's Hand


You were on level 4 of the Dungeon.
You worshipped Trog.
Trog was pleased with you.
You visited 1 branch of the dungeon, and saw 4 of its levels.

You collected 232 gold pieces.
You spent 26 gold pieces at shops.


Innate Abilities, Weirdness & Mutations

You are immune to sickness and miasma.
Your stone body is resilient. (AC +4)
You are immune to poison.
You resist negative energy. (rN+)
You are resistant to electric shocks. (rElec)
You are resistant to unholy torment.
You are immune to petrification.


   Skills:
 - Level 3.2 Fighting
 - Level 4.2 Axes
 - Level 2.1 Armour
 - Level 1.5 Dodging
 + Level 7.0 Shields


You had 6 spell levels left.
You didn't know any spells.
Your spell library was empty.

Inventory:

Hand Weapons
 c - a +0 flail
 Y - a +0 hand axe (weapon)
Missiles
 n - 2 boomerangs (quivered)
Armour
 b - a +0 plate armour (worn)
 e - a +0 tower shield (worn)
 l - a +0 helmet (worn)
 m - a +2 scale mail of fire resistance
Jewellery
 f - an amulet of reflection (around neck)
Scrolls
 a - 2 scrolls of identify
 i - a scroll of blinking {unknown}
 j - a scroll of enchant armour {unknown}
Potions
 d - a potion of mutation
 g - 2 potions of cancellation
 k - a potion of might {unknown}

Dungeon Overview and Level Annotations

Branches:
Dungeon (4/15)
 Temple: D:4-7

Altars:

Shops:
D:1 *

Annotations:
D:4 Eustachio


Message History

You closely miss something. You barely miss the rat. You hit the bat.
You kill the bat!
The bat's corpse disappears in a puff of smoke!
The white imp disappears in a puff of smoke!
You block the bat's attack. You block the rat's attack.
You hear some strange, mumbled words.
A puff of flame appears from out of thin air!
The puff of flame hits you! Eustachio hits you but does no damage.
The rat bites you but does no damage. Eustachio hits you but does no damage.
Something hits you but does no damage.
You hit Eustachio.
Eustachio is heavily wounded.
You hit the shadow imp. You miss something. You barely miss the rat.
You hit the crimson imp.
The crimson imp blinks!
You block the shadow imp's attack. The white imp gestures at you.
The puff of frost hits you but does no damage.
You block the rat's attack. Something hits you.
Eustachio casts a spell.
Eustachio blinks!
The shadow imp hits you but does no damage.
You block the rat's attack.
You hear some strange, mumbled words.
A magic dart appears from out of thin air!
The magic dart hits you but does no damage.
You completely miss the shadow imp.
The shadow imp is heavily wounded.
You hit the rat.
You kill the rat!
The rat's corpse disappears in a puff of smoke!
You barely miss the white imp. You barely miss something. You miss the bat.
The bat barely misses you. You block the bat's attack.
The shadow imp hits you but does no damage.
The white imp hits you but does no damage.
You hear some strange, mumbled words.
A magic dart appears from out of thin air!
The magic dart hits you but does no damage.
The white imp gestures at you. The puff of frost hits you.
You die...

###.#....###.......#
77.77 ... #.##...#
#####.#.#
...##...### #.#.#
...........#####.#.#
...................#
....####...###.#.###
#...
....##.........¤¤..#
#... ...
#####....b5.¤.# .!.
.. .......5¤@5.# ..
###.##..{#### ####
#.....@.# #...
#.##..#... # ..
...(.#.... .#### ##
# ###.. #.....
.....##. #.. .....
........ ..o .#..
........ ###.
r......###.##.


You could see Eustachio, a crimson imp (summoned), a white imp (summoned), a
shadow imp (summoned) and a bat (summoned).

Vanquished Creatures
  Sigmund (D:4)
  A phantom (D:4)
  A scorpion (D:3)
  An orc priest (D:3)
  2 iguanas
  Terence (D:3)
  4 adders
  An ufetubus (D:4)
  A worm (D:2)
  A dart slug (D:4)
  13 orcs
  9 ball pythons
  6 bats
  3 endoplasms
  2 giant cockroaches
  8 goblins
  11 hobgoblins
  3 kobolds
  2 quokkas
  3 frilled lizards (D:1)
  5 rats
79 creatures vanquished.

Notes
Turn   | Place    | Note
-------+----------+-------------------------------------------
     0 | D:1      | qw the Gargoyle Berserker began the quest for the Orb.
     0 | D:1      | Reached XP level 1. HP: 14/14 MP: 1/1
     0 | D:1      | 0 ||| qw: Version: 0.1-a-103-gd6f5d3a
     0 | D:1      | 0 ||| qw: Game counter: 5497
     0 | D:1      | 0 ||| qw: Always use a shield: true
     0 | D:1      | 0 ||| qw: Do Orc after D:15 true
     0 | D:1      | 0 ||| qw: Do second Lair branch before Depths: true
     0 | D:1      | 0 ||| qw: Lair rune preference: random
     0 | D:1      | 0 ||| qw: Plans: Normal
     0 | D:1      | 0 ||| PLANNING D:1-11
   213 | D:1      | Reached skill level 3 in Axes
   258 | D:1      | Reached XP level 2. HP: 18/19 MP: 2/2
   311 | D:1      | 311 ||| Stepping ~*~*~tactically~*~*~ (stealth).
   324 | D:1      | 324 ||| Stepping ~*~*~tactically~*~*~ (stealth).
   432 | D:1      | 432 ||| Stepping ~*~*~tactically~*~*~ (stealth).
   440 | D:1      | 440 ||| Stepping ~*~*~tactically~*~*~ (stealth).
   584 | D:1      | Reached XP level 3. HP: 21/23 MP: 3/3
   611 | D:1      | Reached ** piety under Trog
  1144 | D:1      | Found Fyceschoog's Assorted Antiques.
  1154 | D:1      | 1154 ||| BUYING scroll labelled JAAS UPLEUMILUA (26 gold).
  1154 | D:1      | Bought a scroll labelled JAAS UPLEUMILUA for 26 gold pieces
  1154 | D:1      | 1154 ||| SHOPLISTING scroll labelled NUINIRR IPTAZO (26
                  | gold, have 12).
  1154 | D:1      | 1154 ||| SHOPLISTING scroll labelled TUORIPU TOSS (26 gold,
                  | have 12).
  1154 | D:1      | 1154 ||| SHOPLISTING scroll labelled WUK CYDYIHI (26 gold,
                  | have 12).
  1154 | D:1      | 1154 ||| SHOPLISTING scroll labelled YSYING MUWN (26 gold,
                  | have 12).
  1191 | D:1      | 1191 ||| UPGRADING to +0 leather armour.
  1201 | D:1      | 1201 ||| DROPPING +0 animal skin.
  1202 | D:1      | 1202 ||| UPGRADING to amulet of reflection.
  1207 | D:1      | 1207 ||| READING 4 scrolls labelled YSYING MUWN.
  1208 | D:1      | 1208 ||| READING 3 scrolls labelled WOTETACURU.
  1209 | D:1      | 1209 ||| READING scroll labelled ATTEON YHA SEI.
  1210 | D:1      | 1210 ||| READING scroll labelled JAAS UPLEUMILUA.
  1211 | D:1      | 1211 ||| READING 3 scrolls of identify.
  1211 | D:1      | 1211 ||| IDENTIFYING fuming brown potion
  1212 | D:1      | 1212 ||| DROPPING 2 scrolls of immolation.
  1224 | D:2      | 1224 ||| STAIRDANCE
  1230 | D:2      | 1230 ||| STAIRDANCE
  1290 | D:2      | You fall into a shaft and drop 1 floor!
  1293 | D:3      | 1293 ||| Stepping ~*~*~tactically~*~*~ (stealth).
  1311 | D:3      | 1311 ||| Stepping ~*~*~tactically~*~*~ (stealth).
  1365 | D:3      | 1365 ||| Stepping ~*~*~tactically~*~*~ (stealth).
  1378 | D:3      | 1378 ||| DROPPING +0 whip.
  1380 | D:3      | 1380 ||| Stepping ~*~*~tactically~*~*~ (stealth).
  1380 | D:3      | Found a faded altar of an unknown god.
  1381 | D:3      | 1381 ||| Stepping ~*~*~tactically~*~*~ (stealth).
  1477 | D:3      | 1477 ||| UPGRADING to +0 plate armour.
  1487 | D:3      | 1487 ||| UPGRADING to +0 tower shield.
  1492 | D:3      | 1492 ||| DROPPING +0 leather armour.
  1493 | D:3      | 1493 ||| READING 2 scrolls of identify.
  1493 | D:3      | 1493 ||| IDENTIFYING red potion
  1513 | D:2      | Reached skill level 1 in Shields
  1513 | D:2      | Reached XP level 4. HP: 24/28 MP: 4/4
  2152 | D:2      | 2152 ||| UPGRADING to +0 helmet.
  2157 | D:2      | 2157 ||| READING scroll labelled WUK CYDYIHI.
  2162 | D:2      | 2162 ||| DRINKING 2 amethyst potions.
  2182 | D:3      | Reached skill level 2 in Shields
  2341 | D:3      | Noticed Terence
  2343 | D:3      | 2343 ||| INVOKING Berserk.
  2352 | D:3      | Killed Terence
  2478 | D:3      | 2478 ||| Stepping ~*~*~tactically~*~*~ (hiding).
  2479 | D:3      | 2479 ||| Stepping ~*~*~tactically~*~*~ (hiding).
  2484 | D:3      | 2484 ||| INVOKING Berserk.
  2488 | D:3      | Reached XP level 5. HP: 26/32 MP: 5/5
  2490 | D:3      | Reached skill level 3 in Shields
  2990 | D:3      | Reached skill level 4 in Shields
  3198 | D:3      | 3198 ||| DROPPING amulet of faith.
  3199 | D:3      | 3199 ||| READING scroll labelled UCZEZ FEZENKI.
  3200 | D:3      | 3200 ||| READING 2 scrolls of identify.
  3200 | D:3      | 3200 ||| IDENTIFYING bubbling orange potion
  3201 | D:3      | 3201 ||| DROPPING potion of flight.
  3226 | D:4      | 3226 ||| STAIRDANCE
  3239 | D:3      | Reached XP level 6. HP: 26/37 MP: 6/6
  3360 | D:4      | Noticed Sigmund
  3361 | D:4      | 3361 ||| Stepping ~*~*~tactically~*~*~ (hiding).
  3378 | D:4      | 3378 ||| INVOKING Berserk.
  3383 | D:4      | Reached skill level 5 in Shields
  3515 | D:4      | 3515 ||| INVOKING Berserk.
  3524 | D:4      | Killed Sigmund
  3525 | D:4      | Reached skill level 6 in Shields
  3525 | D:4      | Reached XP level 7. HP: 41/41 MP: 7/7
  3680 | D:4      | Identified the +2 dagger of Taxation {spect, +Blink rF-
                  | Int+4 Dex+3}
  3888 | D:4      | Reached skill level 7 in Shields
  3985 | D:4      | Noticed Eustachio
  3987 | D:4      | 3987 ||| Stepping ~*~*~tactically~*~*~ (stealth).
  3989 | D:4      | 3989 ||| Stepping ~*~*~tactically~*~*~ (stealth).
  3991 | D:4      | 3991 ||| Stepping ~*~*~tactically~*~*~ (stealth).
  3992 | D:4      | 3992 ||| INVOKING Berserk.
  4004 | D:4      | 4004 ||| DRINKING 4 potions of curing.
  4004 | D:4      | 4004 ||| (to cure confusion)
  4006 | D:4      | 4006 ||| DRINKING 3 potions of curing.
  4006 | D:4      | 4006 ||| (to cure confusion)
  4011 | D:4      | HP: 9/41 [quokka[Eustachio] (3)]
  4013 | D:4      | 4013 ||| DRINKING 2 potions of curing.
  4013 | D:4      | 4013 ||| (to cure confusion)
  4016 | D:4      | HP: 7/41 [bat[Eustachio] (1)]
  4017 | D:4      | 4017 ||| DRINKING potion of curing.
  4017 | D:4      | 4017 ||| (to cure confusion)
  4020 | D:4      | HP: 2/41 [something (3)]
  4021 | D:4      | Killed from afar by a white imp

Levels and vault maps discovered:
D:1:      ncdulo_halloftheorcs, layout_basic, serial_shops, shop
D:2:      layout_rooms, serial_aquarium, aquarium_bridge_square
          [aquarium_subvault_bridge, aquarium_subvault_bridge,
          aquarium_subvault_bridge, aquarium_subvault_wall],
          aquarium_bridge_square [aquarium_subvault_wall,
          aquarium_subvault_bridge, aquarium_subvault_wall,
          aquarium_subvault_balcony], aquarium_window_corner, aquarium_window_3,
          aquarium_window_fake, aquarium_view_2b, aquarium_view_2g,
          aquarium_balcony_3b
D:3:      layout_basic, basic_ecumenical_altar, uniq_terence
D:4:      layout_basic, uniq_eustachio, uniq_sigmund, uniq_crazy_yiuf_cottage

Skill      XL: |  1  2  3  4  5  6  7 |
---------------+----------------------+-----
Axes           | 3 4 |  4.2
Shields        | 1 2 4 6 7 |  7.0
Fighting       | |  3.2
Armour         | |  2.1
Dodging        | |  1.5

Action                   |  1- 3 |  4- 6 |  7- 9 || total
-------------------------+-------+-------+-------++-------
Melee: Hand axe          |   139 |   114 |    51 ||   304
Throw: Boomerang         |       |    10 |    14 ||    24
Invok: Berserk           |       |     4 |     1 ||     5
  Use: Scroll            |     6 |     3 |       ||     9
       Potion            |       |     1 |     4 ||     5
Armor: Animal skin       |    22 |       |       ||    22
       Leather armour    |    18 |       |       ||    18
       Plate armour      |    15 |    40 |   108 ||   163
Dodge: Dodged            |    61 |     6 |    19 ||    86
Block: Tower shield      |    13 |    71 |   100 ||   184
       Other             |    10 |       |       ||    10
       Reflection        |       |       |     4 ||     4

Table legend:
 A = Non-vault XP
 B = Vault XP
 C = Vault XP percentage of total XP
 D = Non-vault monster count
 E = Vault monster count
 F = Vault count percentage of total count
                 A         B        C        D         E       F
            +---------+---------+-------+---------+---------+-------
      Total |     496 |     275 |  35.7 |      77 |       2 |   2.5
            +---------+---------+-------+---------+---------+-------
        D:1 |      52 |       0 |   0.0 |      31 |       0 |   0.0
        D:2 |      48 |       0 |   0.0 |      13 |       0 |   0.0
        D:3 |     209 |      36 |  14.7 |      18 |       1 |   5.3
        D:4 |     187 |     239 |  56.1 |      15 |       1 |   6.2
            +---------+---------+-------+---------+---------+-------
